Map: 2000 Atmospheres LE

Players

Harstem - Winner!

  • Race: Protoss Protoss

AqueroN

  • Race: Terran Terran

Event: DreamHack SC2 Masters 2021 Winter

VOD

Have the link to the VOD?

Description

Time

  • Played on: Sept. 30, 2021, 1:15 p.m.
  • Length: 8:28

All games in this series

Show
View Real Time Build Order
Export as new Build Order

Harstem Protoss - Winner!

Build Orders: 1 Gate Expand, Oracle Opening, Phoenix Opening 

Get SALT Encoding   

  12  0:00  Probe  
  13  0:12  Probe  
  14  0:17  Pylon  
  14  0:24  Probe  
  15  0:36  Gateway  
  15  0:37  Probe (Chrono Boost)  
  16  0:46  Probe (Chrono Boost)  
  16  0:47  Assimilator  
  17  0:51  Probe (Chrono Boost)  
  18  1:03  Probe  
  19  1:19  Nexus  
  19  1:28  Cybernetics Core  
  19  1:31  Probe  
  20  1:36  Assimilator  
  20  1:43  Probe  
  21  1:48  Pylon  
  21  1:56  Probe  
  22  2:03  Adept (Chrono Boost)  
  24  2:08  Probe  
  24  2:13  Stargate  
  25  2:20  Probe  
  26  2:22  Warp Gate  
  26  2:24  Adept (Chrono Boost)  
  28  2:33  Probe (Chrono Boost)  
  30  2:38  Probe (Chrono Boost)  
  30  2:43  Probe (Chrono Boost)  
  31  2:46  Adept, Probe (Chrono Boost)  
  31  2:51  Probe  
  34  2:57  Probe  
  34  2:58  Oracle (Chrono Boost)  
  36  3:03  Probe  
  40  3:09  Probe  
  41  3:15  Probe  
  42  3:21  Probe  
  42  3:25  Pylon  
  43  3:27  Probe  
  43  3:33  Gateway, Probe  
  45  3:39  Probe  
  46  3:42  Pylon  
  46  3:45  Nexus, Probe  
  47  3:49  Phoenix (Chrono Boost)  
  47  3:53  Probe  
  50  3:58  Probe  
  50  4:01  Pylon  
  48  4:04  Twilight Council  
  48  4:06  Probe  
  49  4:12  Phoenix (Chrono Boost)  
  49  4:15  Assimilator  
  49  4:16  Probe  
  52  4:22  Probe  
  53  4:28  Probe  
  53  4:29  Gateway  
  54  4:32  Phoenix, Shield Battery  
  54  4:34  Probe  
  54  4:37  Charge (Chrono Boost)  
  57  4:41  Probe  
  57  4:43  Shield Battery  
  58  4:46  Zealot  
  58  4:47  Stalker  
  58  4:48  Probe  
  58  4:52  Pylon  
  63  4:57  Phoenix (Chrono Boost)  
  63  4:58  Probe  
  66  5:01  Probe  
  66  5:04  Probe  
  68  5:08  Zealot  
  68  5:10  Probe  
  68  5:11  Zealot  
  68  5:12  Pylon  
  68  5:14  Probe  
  74  5:17  Phoenix (Chrono Boost)  
  76  5:23  Probe  
  76  5:26  Zealot  
  79  5:30  Shield Battery  
  79  5:33  Zealot x2  
  83  5:40  Phoenix  
  83  5:42  Gateway, Pylon  
  83  5:46  Zealot, Shield Battery  
  85  5:53  Stalker x2  
  89  6:00  Probe  
  89  6:03  Probe x2  
  92  6:05  Phoenix, Pylon  
  92  6:06  Zealot  
  96  6:12  Probe  
  96  6:13  Pylon  
  96  6:16  Zealot x2  
  89  6:28  Probe  
  89  6:30  Phoenix  
  84  6:33  Zealot  
  84  6:34  Probe x2 (Chrono Boost)  
  84  6:36  Forge  
  84  6:38  Forge  
  84  6:39  Zealot x2  
  90  6:41  Assimilator  
  90  6:44  Templar Archives  
  90  6:45  Probe (Chrono Boost)  
  91  6:48  Assimilator, Probe (Chrono Boost)  
  91  6:53  Zealot x2  
  94  6:56  Probe x3 (Chrono Boost)  
  97  7:02  Phoenix  
  97  7:04  Probe  
  97  7:05  Probe  
  97  7:06  Probe  
  102  7:09  Pylon  
  102  7:11  Robotics Facility  
  98  7:18  Zealot x2, Sentry  
  98  7:21  Probe  
  105  7:30  Assimilator  
  105  7:35  Zealot  
  105  7:36  Probe  
  108  7:44  Pylon  
  108  7:45  High Templar  
  108  7:46  Zealot x2  
  108  7:49  Nexus  
  108  7:50  Pylon  
  114  7:59  Warp Prism (Chrono Boost)  
  114  8:01  High Templar  
  114  8:03  Pylon  
  118  8:07  Gateway  
  118  8:09  Gateway  
  118  8:10  Photon Cannon  
  118  8:11  Photon Cannon  
  118  8:12  High Templar x2  
  122  8:18  Gateway  
  122  8:22  Gateway  
Show
View Real Time Build Order
Export as new Build Order

AqueroN Terran 

Build Orders: Reaper Expand 

Get SALT Encoding   

  12  0:00  SCV  
  13  0:12  SCV  
  14  0:16  Supply Depot  
  14  0:24  SCV  
  15  0:38  SCV  
  15  0:40  Barracks  
  16  0:43  Refinery  
  16  0:50  SCV  
  17  1:02  SCV  
  18  1:14  SCV  
  19  1:27  Reaper, Orbital Command  
  20  1:39  Command Center  
  20  1:53  SCV  
  21  1:54  Supply Depot  
  21  1:59  Marine  
  22  2:05  SCV  
  23  2:08  Factory  
  23  2:17  SCV  
  23  2:20  Barracks Reactor  
  24  2:23  Refinery  
  24  2:29  SCV  
  25  2:37  Bunker  
  25  2:41  SCV  
  26  2:52  Orbital Command  
  26  2:53  SCV  
  26  2:56  Starport  
  26  2:57  Marine  
  26  2:58  Marine  
  29  3:00  Widow Mine  
  31  3:05  SCV  
  32  3:15  Marine x2  
  33  3:22  Widow Mine  
  33  3:25  SCV x2  
  36  3:33  Marine x2  
  38  3:36  Viking  
  38  3:37  SCV  
  41  3:41  Supply Depot  
  41  3:46  Factory Tech Lab  
  42  3:49  SCV  
  42  3:51  Supply Depot, Marine x2  
  42  3:54  SCV  
  45  4:01  SCV  
  45  4:05  Siege Tank  
  45  4:06  SCV  
  45  4:09  Marine x2  
  51  4:10  Viking  
  51  4:14  Supply Depot  
  53  4:19  SCV  
  53  4:20  SCV  
  55  4:27  Marine x2  
  55  4:31  Supply Depot, SCV  
  58  4:32  SCV  
  58  4:38  Siege Tank  
  62  4:40  Viking  
  62  4:43  SCV  
  62  4:44  SCV  
  66  4:47  Marine x2  
  66  4:50  Supply Depot  
  68  4:55  SCV  
  68  4:56  SCV  
  70  5:00  Engineering Bay  
  70  5:05  Marine x2  
  72  5:07  SCV  
  72  5:08  SCV  
  72  5:10  Viking  
  72  5:13  Siege Tank  
  79  5:23  Marine x2  
  79  5:25  Barracks  
  79  5:26  Barracks  
  81  5:32  SCV x2  
  82  5:41  Marine x2  
  84  5:44  SCV  
  84  5:45  Supply Depot, SCV  
  84  5:46  Starport Tech Lab  
  86  5:52  Supply Depot  
  86  5:58  SCV  
  86  5:59  SCV  
  86  6:00  Marine x2  
  86  6:04  Supply Depot  
  86  6:06  Siege Tank  
  86  6:16  Bunker  
  86  6:17  Bunker  
  86  6:18  SCV x2, Bunker  
  88  6:25  Marine  
  80  6:30  SCV x2  
  68  6:34  Command Center  
  68  6:38  Refinery, Marine  
  68  6:39  Supply Depot, Refinery  
  65  6:42  SCV x2, Stimpack, Starport Reactor  
  65  6:43  Marine x2  
  64  6:50  Factory Reactor  
  64  6:51  Marine  
  61  6:54  SCV  
  61  6:56  Marine  
  61  6:58  SCV  
  61  7:00  Marine  
  61  7:01  Marine  
  64  7:06  SCV  
  64  7:07  Barracks  
  65  7:09  Marine  
  65  7:10  SCV, Barracks  
  65  7:13  Marine  
  67  7:18  SCV, Marine  
  67  7:19  Marine  
  67  7:22  SCV  
  70  7:27  Marine  
  70  7:29  Widow Mine x2  
  74  7:30  Medivac x2, SCV  
  74  7:31  Marine  
  74  7:34  SCV  
  74  7:36  Marine  
  74  7:37  Marine  
  80  7:42  SCV  
  80  7:44  Supply Depot  
  82  7:45  Supply Depot, Marine  
  82  7:49  Supply Depot, Marine  
  84  7:51  Widow Mine  
  84  7:52  Widow Mine  
  84  7:53  SCV  
  84  7:54  SCV, Marine x2  
  84  7:57  Barracks Tech Lab  
  91  8:03  Marine  
  91  8:05  SCV  
  92  8:06  Barracks Reactor, Ghost Academy  
  92  8:09  Marine  
  92  8:12  SCV  

Tags
 
Add a new tag
Caveats
  • Supply blocks, unpowered buildings, or Contaminate may cause inaccurate times.
  • Supply counts are checked every 10 seconds.